 Dungeon Crawl Stone Soup version 0.21.0-3-g78d12a8 (webtiles) character file.

441 ringo67 the Insei (level 6, -2/38 HPs)
             Began as a Demonspawn Transmuter on Jan 14, 2018.
             Was an Initiate of Hepliaklqana.
             Slain by Warden's ghost (9 damage)
             ... on level 3 of the Dungeon.
             The game lasted 00:21:42 (4850 turns).

ringo67 the Insei (Demonspawn Transmuter)           Turns: 4850, Time: 00:21:42

Health: -2/38      AC: 11    Str:  8 (12) XL:     6   Next: 71%
Magic:  18/18      EV: 11    Int: 13 (15) God:    Hepliaklqana [......]
Gold:   163        SH:  0    Dex:  8 (11) Spells: 8/9 levels left

rFire    + . .     SeeInvis .     - Unarmed
rCold    + . .     Gourm    .   (no shield)
rNeg     . . .     Faith    .   i - +0 leather armour
rPois    .         Spirit   .   h - +2 hat
rElec    .         Reflect  .   r - scarf {rC+ rF+}
rCorr    .         Harm     .   (no gloves)
MR       .....                  (no boots)
Stlth    +.........             (no amulet)
HPRegen  0.12/turn              q - ring of magical power
MPRegen  0.16/turn              (no ring)

@: sanguine armour
A: reduced essence, horns 1, talons 2, clumsy 1, deterioration 1, sanguine
armour 1
a: Recall Ancestor, Ancestor Identity, Renounce Religion


You were on level 3 of the Dungeon.
You worshipped Hepliaklqana.
Hepliaklqana was noncommittal.
You were not hungry.

You visited 1 branch of the dungeon, and saw 4 of its levels.

You collected 163 gold pieces.

Inventory:

Missiles
 a - 38 arrows
Armour
 b - a +0 robe
 h - a +2 hat (worn)
 i - a +0 leather armour (worn)
 r - a scarf of resistance (worn)
Magical Staves
 o - an uncursed staff of poison {unknown}
Jewellery
 q - a ring of magical power (left hand)
Wands
 f - a wand of iceblast (17)
Scrolls
 j - 3 scrolls of magic mapping {unknown}
 l - a scroll of enchant weapon {unknown}
 m - 3 scrolls of identify
 n - a scroll of fog {unknown}
 p - a scroll of immolation {unknown}
Potions
 e - a potion of mutation {unknown}
 g - a potion of haste
 s - a potion of heal wounds {unknown}
Books
 c - a book of Changes

   Spells                             Type                      Level
   a - Beastly Appendage              Transmutation                1
   b - Sticks to Snakes               Transmutation                2
   c - Spider Form                    Transmutation/Poison         3
   d - Ice Form                       Ice/Transmutation            4
   e - Blade Hands                    Transmutation                5
Comestibles
 d - 2 rations


   Skills:
 + Level 1.0 Fighting
 + Level 0.0 Armour
 - Level 1.7 Dodging
 + Level 7.0 Unarmed Combat
 + Level 2.0 Spellcasting
 + Level 1.7 Transmutations


You had 8 spell levels left.
You knew the following spells:

 Your Spells              Type           Power        Failure   Level  Hunger
a - Beastly Appendage     Tmut           #.....       19%         1    ##.....


Dungeon Overview and Level Annotations

Branches:
Dungeon (4/15)
 Temple: D:4-7

Altars:
Hepliaklqana
Kikubaaqudgha
Xom

Annotations:
D:3 Warden's ghost, amateur GrMo


Innate Abilities, Weirdness & Mutations

You have razor-sharp toenails.
When seriously injured, your bleeding wounds create armour. (AC +6)
Your life essence is reduced to manifest your ancestor. (-10% HP)
You have a pair of small horns on your head.
You are clumsy. (Dex -2)
Your body sometimes deteriorates upon taking damage.


Message History

Warden's ghost closely misses you.
You barely miss Warden's ghost.
Warden's ghost is moderately damaged.
JeanFoss hits Warden's ghost but does no damage.
Warden's ghost hits you!
* * * LOW HITPOINT WARNING * * *
JeanFoss hits Warden's ghost but does no damage.
JeanFoss misses Warden's ghost.
Warden's ghost barely misses JeanFoss.
JeanFoss hits Warden's ghost but does no damage.
JeanFoss hits Warden's ghost.
Warden's ghost barely misses you.
JeanFoss barely misses Warden's ghost.
JeanFoss hits Warden's ghost but does no damage.
Warden's ghost hits you.
* * * LOW HITPOINT WARNING * * *
You barely miss Warden's ghost.
Warden's ghost is moderately damaged.
JeanFoss closely misses Warden's ghost.
Warden's ghost hits you!
You die...

.#♣≈≈P≈≈...#...## #.#..#########.
..#≈P≈≈♣.......# #.#..#....)..#.
...≈≈≈≈P####...# #.#^.##.._..##.
....♣≈P#####...####.#..P.........
.)#÷#♣...........................
......................#.P.###..P.
...........................#..PP.
.#..##.###.#...#.###.##..........
.......# #.#...#@# #.##...P....##
##..#### #.....RW# #.##.##...###
#..# #.......# #.........####
##..## #.......# ###...##......
.....### #.......# ##.....#.##...
.......# ##)....####........#..#.
.#...#.## #[#.................##.
........###<#)####..........####.
............#.####........#.####.


You could see the friendly JeanFoss the ancestor and Warden's ghost.

Vanquished Creatures
  A phantom (D:3)
  A bullfrog (D:3)
  An orc wizard (D:4)
  A centaur skeleton (D:4)
  Jessica (D:2)
  An iguana (D:4)
  5 adders
  2 worms
  A dart slug (D:2)
  2 leopard geckos
  11 orcs
  2 ball pythons
  6 bats
  5 giant cockroaches
  6 goblins
  5 hobgoblins
  6 jackals
  5 quokkas
  3 frilled lizards
  8 kobolds
  7 rats
80 creatures vanquished.

Vanquished Creatures (collateral kills)
  An orc priest (D:4)
  4 orcs (D:4)
5 creatures vanquished.

Vanquished Creatures (others)
  An ancestor (D:4)
1 creature vanquished.

Grand Total: 86 creatures vanquished

Notes
Turn   | Place    | Note
-------+----------+-------------------------------------------
     0 | D:1      | ringo67 the Demonspawn Transmuter began the quest for the Orb.
     0 | D:1      | Reached XP level 1. HP: 15/15 MP: 3/3
    54 | D:1      | Reached skill level 3 in Unarmed Combat
   227 | D:1      | Gained mutation: You have sharp toenails. [demonic ancestry]
   227 | D:1      | Reached XP level 2. HP: 21/21 MP: 5/5
   445 | D:1      | Found a shimmering altar of Xom.
   458 | D:1      | Became a worshipper of The Xom-Meister, Xom-o-Rama
   471 | D:1      | XOM: divination: detect creatures
   782 | D:1      | Reached XP level 3. HP: 24/26 MP: 6/6
   958 | D:2      | XOM: snakes to sticks
  1082 | D:2      | XOM is BORED!
  1082 | D:2      | XOM: medium Air miscast
  1193 | D:2      | XOM is BORED!
  1193 | D:2      | XOM: noise
  1214 | D:2      | XOM: harmless Tloc miscast
  1219 | D:2      | Reached skill level 4 in Unarmed Combat
  1318 | D:2      | XOM: divination: detect creatures
  1374 | D:2      | Noticed Jessica
  1383 | D:2      | Killed Jessica
  1518 | D:2      | XOM: harmless Necr miscast
  1566 | D:2      | XOM: cloud trail
  1589 | D:2      | Reached XP level 4. HP: 32/32 MP: 5/7
  1668 | D:2      | XOM: swap monsters
  1960 | D:3      | Noticed Warden's ghost (amateur GrMo)
  1960 | D:3      | Noticed a bullfrog
  2143 | D:3      | Found an ancient bone altar of Kikubaaqudgha.
  2145 | D:3      | XOM: harmless Tloc miscast
  2165 | D:3      | Killed a bullfrog
  2165 | D:3      | Reached skill level 5 in Unarmed Combat
  2165 | D:3      | Gained mutation: When seriously injured, your bleeding wounds create armour. (AC +6) [demonic ancestry]
  2165 | D:3      | Reached XP level 5. HP: 16/37 MP: 6/8
  2288 | D:3      | Found a faded altar of an unknown god.
  2472 | D:3      | XOM: 2-stop teleportation journey
  2594 | D:2      | XOM: give mutation
  2594 | D:2      | Gained mutation: You have a pair of small horns on your head. [Xom's grace]
  2609 | D:2      | XOM: harmless Ice miscast
  2674 | D:3      | XOM: confuse monster(s)
  2819 | D:2      | XOM: harmless Tloc miscast
  2855 | D:2      | XOM: stat loss: -1 Str (10/11)
  3097 | D:3      | XOM: noise
  3149 | D:3      | XOM: confuse monster(s)
  3169 | D:3      | XOM: enchant monster (good)
  3174 | D:3      | XOM: harmless Air miscast
  3178 | D:3      | HP: 1/37 [Warden's ghost (8)]
  3304 | D:2      | XOM: harmless Summ miscast
  3670 | D:4      | Found a hazy altar of Hepliaklqana.
  3681 | D:4      | Noticed a phantom
  3688 | D:4      | Fell from the grace of Xom
  3688 | D:4      | Became a worshipper of Hepliaklqana the Forgotten
  3830 | D:4      | Reached skill level 6 in Unarmed Combat
  3867 | D:3      | Gained mutation: You have razor-sharp toenails. [demonic ancestry]
  3867 | D:3      | Reached XP level 6. HP: 19/38 MP: 9/9
  3946 | D:3      | XOM: give mutations
  3946 | D:3      | Gained mutation: Your body sometimes deteriorates upon taking damage. [Xom's mischief]
  3946 | D:3      | Gained mutation: You are clumsy. (Dex -2) [Xom's mischief]
  4566 | D:4      | Reached skill level 7 in Unarmed Combat
  4682 | D:3      | XOM: medium Hex miscast
  4850 | D:3      | Slain by Warden's ghost

Skill      XL: |  1  2  3  4  5  6 |
---------------+-------------------+-----
Unarmed Combat | 3 4 5 6 7 |  7.0
Fighting       | |  1.0
Dodging        | |  1.7
Spellcasting   | |  2.0
Transmutations | |  1.7

Action                   |  1- 3 |  4- 6 || total
-------------------------+-------+-------++-------
Melee: Unarmed           |   113 |   207 ||   320
       Kick              |    12 |    39 ||    51
       Headbutt          |     1 |    15 ||    16
       Punch             |     1 |     4 ||     5
 Cast: Beastly Appendage |     2 |    10 ||    12
Invok: Recall Ancestor   |       |     1 ||     1
       Ancestor Identity |       |     1 ||     1
  Use: Potion            |     3 |     3 ||     6
       Scroll            |     3 |     1 ||     4
 Stab: Confused          |       |     1 ||     1
  Eat: Chunk             |     2 |     4 ||     6
       Ration            |       |     2 ||     2
Armor: Robe              |     8 |       ||     8
       Leather armour    |    21 |    55 ||    76
Dodge: Dodged            |    81 |   136 ||   217
